 Dungeon Crawl Stone Soup version 0.23.2-1-ga50397a (webtiles) character file.

Game seed: 1602819249287421484

104 diana the Skirmisher (level 4, -5/36 HPs)
             Began as a Demonspawn Fighter on May 24, 2019.
             Was an Initiate of Makhleb.
             Killed from afar by Sigmund (7 damage)
             ... with a puff of flame
             ... on level 2 of the Dungeon.
             The game lasted 00:01:27 (1016 turns).

diana the Skirmisher (Demonspawn Fighter)           Turns: 1016, Time: 00:01:28

Health: -5/36      AC:  6    Str: 17    XL:     4   Next: 52%
Magic:  4/4        EV:  7    Int: 10    God:    Makhleb [......]
Gold:   83         SH:  9    Dex: 12    Spells: 3/3 levels left

rFire    . . .     SeeInvis .   a - +0 war axe
rCold    . . .     Gourm    .   c - +0 shield
rNeg     . . .     Faith    .   b - +0 scale mail
rPois    .         Spirit   .   (helmet restricted)
rElec    .         Reflect  .   (no cloak)
rCorr    .         Harm     .   (no gloves)
MR       .....                  (no boots)
Stlth    ..........             (no amulet)
HPRegen  0.12/turn              (no ring)
MPRegen  0.09/turn              (no ring)

@: no status effects
A: horns 1, powered by death 1
a: Renounce Religion


You were on level 2 of the Dungeon.
You worshipped Makhleb.
Makhleb was noncommittal.
You were hungry.

You visited 1 branch of the dungeon, and saw 2 of its levels.

You collected 83 gold pieces.

Inventory:

Hand Weapons
 a - a +0 war axe (weapon)
Armour
 b - a +0 scale mail (worn)
 c - a +0 shield (worn)
Scrolls
 e - 3 scrolls of remove curse {unknown}
 g - a scroll of immolation {unknown}
 h - 2 scrolls of identify {unknown}
 i - a scroll of magic mapping {unknown}
 j - a scroll of teleportation {unknown}
 k - a scroll of amnesia {unknown}
 m - a scroll of enchant armour {unknown}
Potions
 d - a potion of might
 l - a potion of curing {unknown}
Comestibles
 f - 4 rations


   Skills:
 + Level 3.6 Fighting
 + Level 2.4 Axes
 + Level 3.2 Armour
 + Level 1.4 Dodging
 + Level 3.2 Shields


You had 3 spell levels left.
You didn't know any spells.
Your spell library was empty.

Dungeon Overview and Level Annotations

Branches:
Dungeon (2/15)

Altars:
Makhleb

Annotations:
D:2 Sigmund


Innate Abilities, Weirdness & Mutations

You have a pair of small horns on your head.
You regenerate a little health from kills.


Message History

Sigmund casts a spell.
Sigmund flickers and vanishes!
Deactivating autopickup; reactivate with Ctrl-A.
You miss something.
You hear some strange, mumbled words.
A puff of flame appears from out of thin air!
The puff of flame hits you.
You hear some strange, mumbled words.
A puff of flame appears from out of thin air!
The puff of flame hits you!
* * * LOW HITPOINT WARNING * * *
A magic dart appears from out of thin air!
The magic dart hits you.
* * * LOW HITPOINT WARNING * * *
A magic dart appears from out of thin air!
The magic dart hits you.
* * * LOW HITPOINT WARNING * * *
A puff of flame appears from out of thin air!
The puff of flame hits you!
You die...

.........###....[........
#..##∩_....##.#####
##..###.....##.# #
#.{.##^.##.###.#####
#....#####)##.......
##...##.##(##...####
#...##.##(##...#
##..##.##<##...##
#@.##.##.<.....#
#..##.#####....## ##.##.#
#.......#
#.##.###.#.....##
#........#..<....
####.######......
#.#######...##
#...........#
#.########..#


There were no monsters in sight!

Vanquished Creatures
  A hound (D:2)
  Robin (D:2)
  An adder (D:2)
  A worm (D:2)
  2 dart slugs (D:1)
  A leopard gecko (D:1)
  2 giant cockroaches
  11 goblins
  6 hobgoblins
  3 jackals (D:2)
  2 ball pythons (D:1)
  5 bats (D:1)
  5 frilled lizards (D:1)
  3 kobolds (D:1)
  3 rats (D:1)
47 creatures vanquished.

Notes
Turn   | Place    | Note
-------+----------+-------------------------------------------
     0 | D:1      | diana the Demonspawn Fighter began the quest for the Orb.
     0 | D:1      | Reached XP level 1. HP: 18/18 MP: 1/1
    20 | D:1      | Gained mutation: You have a pair of small horns on your
                  | head. [demonic ancestry]
    20 | D:1      | Reached XP level 2. HP: 22/24 MP: 2/2
   415 | D:1      | Reached XP level 3. HP: 29/29 MP: 3/3
   544 | D:2      | Noticed Robin
   551 | D:2      | Reached skill level 1 in Dodging
   564 | D:2      | Killed Robin
   568 | D:2      | Gained mutation: You regenerate a little health from kills.
                  | [demonic ancestry]
   568 | D:2      | Reached XP level 4. HP: 21/35 MP: 4/4
   792 | D:2      | Found a burning altar of Makhleb.
   818 | D:2      | Became a worshipper of Makhleb the Destroyer
   989 | D:2      | Noticed Sigmund
  1016 | D:2      | Killed from afar by Sigmund

Skill      XL: |  1  2  3 |
---------------+----------+-----
Axes           | 2 |  2.4
Armour         | 3 |  3.2
Shields        | 3 |  3.2
Dodging        | 1 |  1.4
Fighting       | |  3.6

Action                   |  1- 3 |  4- 6 || total
-------------------------+-------+-------++-------
Melee: War axe           |   111 |    38 ||   149
       Headbutt          |    12 |     5 ||    17
  Use: Potion            |     1 |       ||     1
Armor: Scale mail        |    59 |     8 ||    67
       Skin              |     9 |       ||     9
Dodge: Dodged            |    32 |    12 ||    44
Block: Shield            |    55 |    14 ||    69
